 Dungeon Crawl Stone Soup version 0.17.0-28-g6e173f8 (console) character file.

53 Kloppie the Skirmisher (level 3, -3/34 HPs)
             Began as a Centaur Fighter on Nov 25, 2015.
             Slain by a scorpion (8 damage)
             ... on level 4 of the Dungeon.
             The game lasted 00:02:26 (2007 turns).

Kloppie the Skirmisher (Centaur Fighter)            Turns: 2007, Time: 00:02:26

Health: -3/34      AC:  7    Str: 18    XL:     3   Next: 64%
Magic:  3/3        EV:  5    Int:  7    God:
Gold:   105        SH:  8    Dex:  9    Spells: 0 memorised, 2 levels left

rFire  . . .     SeeInvis .     a - +0 war axe
rCold  . . .     Clarity  .     b - +0 scale mail
rNeg   . . .     SustAt   .     c - +0 shield
rPois  .         Gourm    .     (no helmet)
rElec  .         Spirit   .     (no cloak)
rCorr  .         Warding  .     k - +0 pair of gloves
rMut   .         Stasis   .     (no barding)
MR     .....                    (no amulet)
Stlth  ..........               (no ring)
                                (no ring)

@: lethally poisoned (-3 -> -15), very quick, not resistant to hostile
enchantments, extremely unstealthy
A: hooves 3, deformed body, speed 2, tough skin 3
a: no special abilities


You were on level 4 of the Dungeon.
You were not hungry.

You visited 1 branch of the dungeon, and saw 4 of its levels.

You collected 105 gold pieces.

Inventory:

Hand Weapons
 a - a +0 war axe (weapon)
Armour
 b - a +0 scale mail (worn)
 c - a +0 shield (worn)
 k - a +0 pair of gloves (worn)
Scrolls
 f - 5 scrolls of remove curse {unknown}
 h - 3 scrolls of identify {unknown}
 i - 3 scrolls of enchant armour {unknown}
 j - 2 scrolls of enchant weapon {unknown}
 l - a scroll of immolation {unknown}
 m - a scroll of magic mapping {unknown}
 p - a scroll of blinking {unknown}
 q - a scroll of teleportation {unknown}
 t - a scroll of random uselessness {unknown}
 u - a scroll of noise {unknown}
Potions
 d - 5 potions of might
 g - a potion of brilliance {unknown}
 n - a potion of heal wounds {unknown}
 o - a potion of beneficial mutation {unknown}
 r - a potion of curing {unknown}
Comestibles
 e - 2 bread rations
 s - a chunk of flesh


   Skills:
 + Level 4.6 Fighting
 - Level 1.7 Axes
 - Level 2.1 Armour
 - Level 2.1 Shields


You had 2 spell levels left.
You didn't know any spells.

Dungeon Overview and Level Annotations

Branches:
Dungeon (4/15)
 Temple: D:4-7

Altars:
Ashenzari
Gozag


Innate Abilities, Weirdness & Mutations

You have hooves in place of feet.
Armour fits poorly on your strangely shaped body.
You cover ground very quickly.
You have extremely tough skin (AC +3).


Message History

You feel sick. The scorpion stings you.
* * * LOW HITPOINT WARNING * * *
You barely miss the scorpion. Your kick misses the scorpion.
The scorpion is severely wounded.
You feel sick. You block the scorpion's attack. The scorpion stings you.
* * * LOW HITPOINT WARNING * * *
You are lethally poisoned!
The scorpion poisons you!
You hit the scorpion but do no damage.
You kick the scorpion, but do no damage.
The scorpion is severely wounded.
* * * LOW HITPOINT WARNING * * *
You feel sick. You block the scorpion's attack.
Your shield and scale mail prevent you from hitting the scorpion.
The scorpion is severely wounded.
* * * LOW HITPOINT WARNING * * *
You feel sick.
The scorpion stings you but does no damage.
The scorpion stings you!
You die...

### ## #.#.. .
#.#.######### #.
#.#.#.......# #.
#.#.#@#####.#
####..#...s.#...#.#
......#.#.####..#.#
#..
##.....#.#.....#.#
#.......
#.<.......##.#
#....#..
##.#...##....#
#....#.#
#......#.####
#....#.########..#.#
##....#.........#.#.#


You could see a scorpion.

Vanquished Creatures
  2 worms
  4 giant geckos
  An orc (D:3)
  5 bats
  A giant cockroach (D:3)
  2 goblins (D:3)
  6 hobgoblins
  A quokka (D:2)
  6 giant newts
  6 kobolds
  10 rats
44 creatures vanquished.

Notes
Turn   | Place    | Note
--------------------------------------------------------------
     0 | D:1      | Kloppie the Centaur Fighter began the quest for the Orb.
     0 | D:1      | Reached XP level 1. HP: 19/19 MP: 1/1
   154 | D:1      | Found a shattered altar of Ashenzari.
   199 | D:1      | Reached XP level 2. HP: 21/26 MP: 2/2
   594 | D:2      | Reached skill level 4 in Fighting
  1003 | D:2      | You fall through a shaft!
  1005 | D:3      | Reached XP level 3. HP: 31/33 MP: 3/3
  1099 | D:3      | Found a faded altar to an unknown god.
  1501 | D:3      | Found an opulent altar of Gozag.
  1927 | D:4      | Noticed a scorpion
  2007 | D:4      | Slain by a scorpion

Action                   || total
-------------------------++-------
Melee: War axe           ||   158
  Eat: Chunk             ||     2
